 Dungeon Crawl Stone Soup version 0.29.0-4-gdea44cf6ec (webtiles) character file.

Game seed: 4235743746971318554

40 qw the Chopper (level 3, 0/23 HPs)
             Began as a Gargoyle Berserker on Sept 4, 2022.
             Was a Follower of Trog.
             Slain by a goblin
             ... wielding a +0 club
             ... led by Robin
              (3 damage)
             ... on level 2 of the Dungeon.
             The game lasted 00:00:16 (1127 turns).

qw the Chopper (Gargoyle Berserker)                 Turns: 1127, Time: 00:00:17

Health: 0/23       AC:  5    Str: 22    XL:     3   Next: 50%
Magic:  3/3        EV: 11    Int:  7    God:    Trog [*.....]
Gold:   37         SH:  0    Dex:  9    Spells: 2/2 levels left

rFire   . . .      SeeInvis .   a - +0 hand axe
rCold   . . .      Faith    .   (no shield)
rNeg    + . .      Spirit   .   b - +0 animal skin
rPois   inf        Reflect  .   (no helmet)
rElec   +          Harm     .   (no cloak)
rCorr   .          Rampage  .   (no gloves)
Will    .....                   (no boots)
Stlth   +.........              (no amulet)
HPRegen 0.07/turn               (no ring)
MPRegen 0.08/turn               (no ring)

@: on berserk cooldown
A: sickness immunity, AC +3, negative energy resistance 1, electricity
resistance, torment resistance 1, petrification resistance
a: Renounce Religion, Berserk


You were on level 2 of the Dungeon.
You worshipped Trog.
Trog was aware of your devotion.
You visited 1 branch of the dungeon, and saw 2 of its levels.

You collected 37 gold pieces.


Innate Abilities, Weirdness & Mutations

You are immune to sickness and miasma.
Your stone body is resilient. (AC +3)
You are immune to poison.
You resist negative energy. (rN+)
You are resistant to electric shocks. (rElec)
You are resistant to unholy torment.
You are immune to petrification.


   Skills:
 - Level 3.2 Fighting
 + Level 4.0 Axes
 - Level 2.1 Armour
 - Level 1.5 Dodging


You had 2 spell levels left.
You didn't know any spells.
Your spell library was empty.

Inventory:

Hand Weapons
 a - a +0 hand axe (weapon)
Armour
 b - a +0 animal skin (worn)
 g - a +0 ring mail
 i - a +0 helmet
Scrolls
 d - a scroll of butterflies {unknown}
 f - a scroll of teleportation {unknown}
 h - a scroll of enchant weapon {unknown}
 j - a scroll of brand weapon {unknown}
Potions
 c - a potion of degeneration {unknown}
 e - a potion of might {unknown}

Dungeon Overview and Level Annotations

Branches:
Dungeon (1/15)

Altars:


Message History

The goblin hits you with a +0 dagger.
The goblin hits you with a +1 dagger of protection.
The goblin barely misses you.
You closely miss the goblin. You barely miss the goblin. You hit the goblin.
You kill the goblin!
Trog accepts your kill. The goblin hits you but does no damage.
The goblin closely misses you. x2
Your Axes skill increases to level 4!
You hit the goblin.
You kill the goblin!
Trog accepts your kill.
You closely miss the goblin. The goblin closely misses you.
The endoplasm freezes you.
You are frozen.
The goblin barely misses you.
You hit the endoplasm.
The endoplasm is lightly wounded.
You hit the goblin. The endoplasm hits you. The goblin barely misses you.
The endoplasm hits you but does no damage.
You hit the goblin.
You kill the goblin!
Trog accepts your kill.
You hit the endoplasm.
The endoplasm hits you but does no damage.
You hit the endoplasm.
You kill the endoplasm!
Trog accepts your kill. The goblin hits you but does no damage.
You closely miss the goblin. The goblin hits you with a +0 club. x2
You hit the goblin but do no damage. The goblin barely misses you.
You barely miss the goblin. The goblin closely misses you.
You barely miss the goblin. You closely miss the goblin.
You feel yourself speed up. The goblin closely misses you.
The goblin barely misses you. The goblin hits you with a +0 club.
You die...

.... ..J#### ...
....... ..#
....... .. .......
#.## ..... #..#
... ######g###)#
#....#g@).>#
#######.##.#.#####
+........#.#.#
#######..#'#'##
#.......#
#.......#
#.......#
##......# #......#


You could see 2 goblins.

Vanquished Creatures
  Robin (D:2)
  A worm (D:2)
  2 endoplasms
  4 hobgoblins
  3 bats
  2 frilled lizards (D:2)
  9 goblins
  2 kobolds (D:1)
  A rat (D:2)
25 creatures vanquished.

Notes
Turn   | Place    | Note
-------+----------+-------------------------------------------
     0 | D:1      | qw the Gargoyle Berserker began the quest for the Orb.
     0 | D:1      | Reached XP level 1. HP: 14/14 MP: 1/1
     0 | D:1      | 0 ||| qw: Version: 0.1-a-103-gd6f5d3a
     0 | D:1      | 0 ||| qw: Game counter: 5676
     0 | D:1      | 0 ||| qw: Always use a shield: true
     0 | D:1      | 0 ||| qw: Do Orc after D:15 true
     0 | D:1      | 0 ||| qw: Do second Lair branch before Depths: true
     0 | D:1      | 0 ||| qw: Lair rune preference: random
     0 | D:1      | 0 ||| qw: Plans: Normal
     0 | D:1      | 0 ||| PLANNING D:1-11
   219 | D:1      | Found a faded altar of an unknown god.
   385 | D:1      | 385 ||| INVOKING Berserk.
   388 | D:1      | Reached skill level 3 in Axes
   750 | D:1      | Reached XP level 2. HP: 19/19 MP: 2/2
   793 | D:1      | You fall into a shaft and drop 1 floor!
   806 | D:2      | 806 ||| INVOKING Berserk.
  1084 | D:2      | 1084 ||| Stepping ~*~*~tactically~*~*~ (stealth).
  1098 | D:2      | Noticed Robin
  1099 | D:2      | 1099 ||| INVOKING Berserk.
  1103 | D:2      | Killed Robin
  1104 | D:2      | Reached XP level 3. HP: 23/23 MP: 3/3
  1120 | D:2      | Reached skill level 4 in Axes
  1124 | D:2      | HP: 4/23 [goblin/+0 club[Robin] (2)]
  1127 | D:2      | Slain by a goblin

Levels and vault maps discovered:
D:1:      onia_arrival_mini_maze, layout_loops_ring,
          shapermc_ecumenical_altar_petra, nrook_uturn
D:2:      layout_basic, chequers_garden, uniq_robin

Skill      XL: |  1  2  3 |
---------------+----------+-----
Axes           | 3 4 |  4.0
Fighting       | |  3.2
Armour         | |  2.1
Dodging        | |  1.5

Action                   || total
-------------------------++-------
Melee: Hand axe          ||    68
Invok: Berserk           ||     3
Armor: Animal skin       ||    24
Dodge: Dodged            ||    50

Table legend:
 A = Non-vault XP
 B = Vault XP
 C = Vault XP percentage of total XP
 D = Non-vault monster count
 E = Vault monster count
 F = Vault count percentage of total count
                 A         B        C        D         E       F
            +---------+---------+-------+---------+---------+-------
      Total |      26 |      32 |  55.2 |      15 |      10 |  40.0
            +---------+---------+-------+---------+---------+-------
        D:1 |      11 |       0 |   0.0 |       7 |       0 |   0.0
        D:2 |      15 |      32 |  68.1 |       8 |      10 |  55.6
            +---------+---------+-------+---------+---------+-------
